 Dungeon Crawl Stone Soup version 0.20.0-3-g22ec75f (webtiles) character file.

16664 Deemzul the Spear-Bearer (level 12, -3/95 HPs)
             Began as a Formicid Fighter on May 27, 2017.
             Was a High Priest of Okawaru.
             Slain by a white ugly thing (24 damage)
             ... on level 11 of the Dungeon.
             The game lasted 00:19:59 (12851 turns).

Deemzul the Spear-Bearer (Formicid Fighter)        Turns: 12851, Time: 00:20:00

Health: -3/95      AC: 21    Str: 24    XL:     12   Next: 73%
Magic:  18/18      EV:  7    Int:  9    God:    Okawaru [*****.]
Gold:   443        SH: 14    Dex: 11    Spells: 11/11 levels left

rFire    . . .     SeeInvis +   A - +1 glaive (chop)
rCold    . . .     Gourm    .   L - +2 shield {AC+3}
rNeg     . . .     Faith    .   z - +0 plate armour
rPois    .         Spirit   .   (helmet unavailable)
rElec    .         Reflect  .   (no cloak)
rCorr    .         Harm     .   (no gloves)
MR       +....                  (no boots)
Stlth    ..........             (no amulet)
Regen    0.3/turn               j - +4 ring of protection
MPRegen  0.2/turn               H - +3 ring of slaying

@: no status effects
A: permanent stasis, dig shafts and tunnels, four strong arms, antennae 3, fangs
2, mutation resistance 1, wild magic 1
a: Dig, Shaft Self, Heroism, Finesse, Renounce Religion


You were on level 11 of the Dungeon.
You worshipped Okawaru.
Okawaru was extremely pleased with you.
You were hungry.

You visited 3 branches of the dungeon, and saw 13 of its levels.

You collected 720 gold pieces.
You spent 277 gold pieces at shops.

Inventory:

Hand Weapons
 A - a +1 glaive of chopping (weapon)
Armour
 z - a +0 plate armour (worn)
 L - a +2 shield of protection (worn)
Jewellery
 c - an uncursed ring of resist corrosion
 j - a +4 ring of protection (left hand)
 y - an uncursed ring of poison resistance {unknown}
 H - a +3 ring of slaying (right hand)
 J - an uncursed ring of stealth
Wands
 E - a wand of clouds (0/9)
 I - a wand of digging (9/24)
Scrolls
 b - a scroll of random uselessness {unknown}
 e - 7 scrolls of remove curse {unknown}
 h - 2 scrolls of immolation {unknown}
 i - 10 scrolls of identify {unknown}
 k - 2 scrolls of recharging {unknown}
 n - 3 scrolls of amnesia {unknown}
 p - 2 scrolls of blinking {unknown}
 q - 4 scrolls of teleportation {unknown}
 s - 2 scrolls of magic mapping {unknown}
 t - a scroll of noise {unknown}
 u - 3 scrolls of enchant armour {unknown}
 v - 3 scrolls of enchant weapon {unknown}
 x - 5 scrolls of fog {unknown}
 D - a scroll of vulnerability {unknown}
 N - a scroll of fear {unknown}
Potions
 d - a potion of might
 m - a potion of cancellation {unknown}
 o - 3 potions of curing
 w - 4 potions of agility
 B - a potion of heal wounds
 C - a potion of brilliance {unknown}
 G - a potion of resistance {unknown}
Books
 r - a book of Callings

   Spells                             Type                      Level
   a - Summon Small Mammal            Summoning                    1
   b - Call Imp                       Summoning                    2
   c - Call Canine Familiar           Summoning                    3
   d - Summon Guardian Golem          Hexes/Summoning              3
   e - Summon Lightning Spire         Summoning/Air                4
   f - Summon Ice Beast               Ice/Summoning                4
Miscellaneous
 F - a lamp of fire (inert)
Comestibles
 a - 6 royal jellies
 f - 10 bread rations
 g - 10 meat rations
 l - 5 fruits
 K - 6 chunks of flesh


   Skills:
 + Level 9.2 Fighting
 * Level 12.0 Polearms
 + Level 9.2 Armour
 + Level 10.5 Shields
 + Level 8.4 Invocations
 + Level 4.5 Evocations


You had 11 spell levels left.
You didn't know any spells.

Dungeon Overview and Level Annotations

Branches:
Dungeon (11/15)            Temple (1/1) D:5             Orc (1/2) D:10
   Lair: D:8-11

Altars:
Ashenzari
Cheibriados
Dithmenos
Elyvilon
Gozag
Hepliaklqana
Kikubaaqudgha
Makhleb
Nemelex Xobeh
Okawaru
Qazlal
Ru
Sif Muna
Trog
Uskayaw
Vehumet
Xom
Yredelemnul
The Shining One
Beogh

Shops:
D:4 *   D:6 !   D:8 [**(

Annotations:
D:4 emsyzz's ghost, novice DEFE


Innate Abilities, Weirdness & Mutations

You cannot be hasted, slowed, berserked, paralysed or teleported.
You can dig through walls and to a lower floor.
Your four strong arms can wield two-handed weapons with a shield.
You have a pair of large antennae on your head. (SInv)
You have extremely sharp teeth.
You are somewhat resistant to further mutation.
Your spells are a little harder to cast, but a little more powerful.


Message History

The white ugly thing engulfs you. The white ugly thing freezes you!!
* * * LOW HITPOINT WARNING * * *
You are too injured to fight recklessly!
You are too injured to fight recklessly!
You are too injured to fight recklessly!
You are too injured to fight recklessly!
You are too injured to fight recklessly!
You are too injured to fight recklessly!
You are too injured to fight recklessly!
You are too injured to fight recklessly!
You are too injured to fight recklessly!
Attack whom?
Press: ? - help, Dir - move target cursor, f - white ugly thing
Aim: a white ugly thing (heavily wounded)
You closely miss the white ugly thing.
The white ugly thing is heavily wounded.
The white ugly thing engulfs you!
* * * LOW HITPOINT WARNING * * *
The white ugly thing freezes you!!
You die...

..
.........................##
..
........................<.#
..
...........................
..
........................#.#
..
.......................####
.. .....................###
..
......................###
..
......................#.##
..
.........u@..............#
..
...........#.#..........##
..
..........#####.....>..##
.. ........... #).......##
.. #...........
##...#....## ..
#.......#./?. ##.#......#
.. #.#....##.## ####.#...#
###.# ## ####.## . ## ###


You could see a white ugly thing.

Vanquished Creatures
  Gastronok (D:9)
  2 two-headed ogres (D:9)
  3 unseen horrors
  2 ugly things
  A cyclops (D:11)
  A manticore (D:11)
  2 kobold demonologists
  A komodo dragon (D:10)
  4 trolls
  Grinder (D:5)
  2 hippogriffs
  2 shadows (D:11)
  A wraith (D:11)
  A wyvern (D:8)
  3 yaks (D:11)
  4 hogs (D:7)
  A human (D:7)
  2 steam dragons
  A hungry ghost (D:7)
  2 porcupines (D:7)
  2 water moccasins
  4 orc warriors
  3 ice beasts
  3 sky beasts
  3 black bears
  2 ogres
  4 centaurs
  14 big kobolds
  9 bullfrogs
  5 scorpions
  A wyvern skeleton (D:9)
  9 killer bees
  2 howler monkeys (D:9)
  3 wights
  A centaur zombie (D:8)
  6 crimson imps
  7 hounds
  A bullfrog skeleton (D:4)
  11 orc priests
  5 jellies
  A gnoll shaman (D:8)
  5 iguanas
  12 orc wizards
  4 worker ants
  A hound zombie (D:7)
  A hound skeleton (D:10)
  A worker ant zombie (D:11)
  A howler monkey zombie (D:5)
  A howler monkey skeleton (D:8)
  8 gnolls
  14 adders
  3 oozes
  An adder skeleton (D:4)
  An adder zombie (D:9)
  A worm (D:4)
  3 dart slugs
  4 leopard geckos
  48 orcs
  3 ball pythons
  6 bats
  10 giant cockroaches
  4 goblins
  10 hobgoblins
  12 jackals
  6 quokkas
  4 frilled lizards
  A giant cockroach zombie (D:5)
  10 kobolds
  8 rats
316 creatures vanquished.

Notes
Turn   | Place    | Note
-------+----------+-------------------------------------------
     0 | D:1      | Deemzul the Formicid Fighter began the quest for the Orb.
     0 | D:1      | Reached XP level 1. HP: 18/18 MP: 1/1
    46 | D:1      | Reached XP level 2. HP: 22/24 MP: 2/2
   237 | D:1      | Reached XP level 3. HP: 29/29 MP: 3/3
   733 | D:1      | Reached XP level 4. HP: 30/35 MP: 4/4
   978 | D:2      | Found an ancient bone altar of Kikubaaqudgha.
  1156 | D:2      | Reached skill level 3 in Polearms
  1827 | D:3      | Found a shattered altar of Ashenzari.
  1857 | D:3      | Reached XP level 5. HP: 42/42 MP: 5/5
  2101 | D:3      | Found a bloodstained altar of Trog.
  2555 | D:4      | Found Fetuo's General Store.
  2598 | D:4      | Noticed emsyzz's ghost (novice DEFE)
  2606 | D:4      | HP: 2/42 [hound (3)]
  2844 | D:4      | Reached skill level 4 in Polearms
  2844 | D:4      | Reached XP level 6. HP: 37/48 MP: 6/6
  3208 | D:4      | Reached skill level 5 in Shields
  3767 | D:5      | Entered Level 5 of the Dungeon
  3880 | D:5      | Noticed an ice beast
  3900 | D:5      | Killed an ice beast
  3900 | D:5      | Reached XP level 7. HP: 45/55 MP: 7/7
  3922 | D:5      | Found an opulent altar of Gozag.
  4318 | D:5      | Reached skill level 5 in Polearms
  4560 | D:5      | Reached skill level 5 in Fighting
  4726 | D:5      | Noticed a hippogriff
  4800 | D:4      | Reached skill level 5 in Armour
  4800 | D:4      | Reached XP level 8. HP: 54/62 MP: 8/8
  5171 | D:5      | Found a staircase to the Ecumenical Temple.
  5174 | D:5      | Noticed Grinder
  5180 | Temple   | Entered the Ecumenical Temple
  5306 | Temple   | Became a worshipper of Warmaster Okawaru
  5435 | D:5      | Killed Grinder
  5435 | D:5      | Reached skill level 6 in Polearms
  5435 | D:5      | Reached skill level 1 in Invocations
  6300 | D:4      | Reached * piety under Okawaru
  6319 | D:4      | Bought a +1 glaive of chopping for 200 gold pieces
  6369 | D:4      | Found a burning altar of Makhleb.
  6712 | D:5      | Killed a hippogriff
  6712 | D:5      | Reached XP level 9. HP: 44/69 MP: 9/11
  6840 | D:6      | Reached skill level 7 in Polearms
  6893 | D:6      | Reached ** piety under Okawaru
  7158 | D:6      | Found a sacrificial altar of Ru.
  7241 | D:6      | Found Bupp's Distillery.
  7250 | D:6      | Bought a potion of curing for 33 gold pieces
  7250 | D:6      | Bought a potion of agility for 44 gold pieces
  7551 | D:7      | Reached skill level 8 in Polearms
  7710 | D:7      | Found a shadowy altar of Dithmenos.
  8013 | D:7      | Reached *** piety under Okawaru
  8013 | D:7      | Reached XP level 10. HP: 69/77 MP: 13/13
  8236 | D:8      | Reached skill level 5 in Invocations
  8290 | D:8      | Noticed a two-headed ogre
  8332 | D:7      | Reached skill level 9 in Polearms
  8600 | D:8      | Found Nixkuock's General Store.
  8605 | D:8      | Found Lyuzijoll's General Store.
  8633 | D:8      | Reached **** piety under Okawaru
  8638 | D:8      | Noticed a red ugly thing
  8970 | D:8      | Killed a red ugly thing
  9070 | D:8      | Found Jodd's Antique Weapon Emporium.
  9140 | D:8      | Found Hacas's Armour Boutique.
  9381 | D:9      | Noticed a two-headed ogre
  9389 | D:9      | Killed a two-headed ogre
  9389 | D:9      | Reached ***** piety under Okawaru
  9389 | D:9      | Reached skill level 10 in Polearms
  9389 | D:9      | Reached XP level 11. HP: 57/85 MP: 15/15
  9515 | D:9      | Noticed a two-headed ogre
  9520 | D:9      | Killed a two-headed ogre
  9696 | D:9      | Found a roughly hewn altar of Beogh.
  9770 | D:9      | Noticed Gastronok
  9780 | D:9      | Killed Gastronok
  9780 | D:9      | Reached skill level 1 in Evocations
 10177 | D:9      | Found a stormy altar of Qazlal.
 10188 | D:9      | Found a hide-covered altar of Uskayaw.
 10699 | D:9      | Noticed a sixfirhy
 11050 | D:9      | Reached skill level 11 in Polearms
 11060 | D:9      | Received a gift from Okawaru
 11416 | D:10     | Entered Level 10 of the Dungeon
 11417 | D:10     | Noticed an unseen horror
 11424 | D:10     | Killed an unseen horror
 11424 | D:10     | Reached XP level 12. HP: 88/94 MP: 17/17
 11646 | D:10     | Found a staircase to the Orcish Mines.
 11685 | D:10     | Reached skill level 10 in Shields
 11896 | D:10     | Gained mutation: You have very sharp teeth. [mutagenic meat]
 11897 | D:10     | Gained mutation: You have extremely sharp teeth. [mutagenic meat]
 11898 | D:10     | Gained mutation: Your spells are a little harder to cast, but a little more powerful. [mutagenic meat]
 11899 | D:10     | Gained mutation: You are somewhat resistant to further mutation. [mutagenic meat]
 12336 | Orc:1    | Entered Level 1 of the Orcish Mines
 12350 | Orc:1    | Noticed a two-headed ogre
 12688 | D:11     | Noticed an unseen horror
 12696 | D:11     | Killed an unseen horror
 12754 | D:11     | Found a burning altar of Makhleb.
 12783 | D:11     | Noticed an unseen horror
 12787 | D:11     | Killed an unseen horror
 12835 | D:11     | Reached skill level 12 in Polearms
 12851 | D:11     | Slain by a white ugly thing

Skill      XL: |  1  2  3  4  5  6  7  8  9 10 11 12 |
---------------+-------------------------------------+-----
Shields        | 4 5 6 7 9 10 | 10.5
Polearms       | 3 4 5 6 8 10 11 12 | 12.0
Fighting       | 4 5 6 7 8 9 |  9.2
Armour         | 4 5 6 7 8 9 |  9.2
Invocations    | 2 4 6 7 8 |  8.4
Evocations     | 3 4 |  4.5

Action                   |  1- 3 |  4- 6 |  7- 9 | 10-12 || total
-------------------------+-------+-------+-------+-------++-------
Melee: Trident           |   126 |   240 |   241 |       ||   607
       Glaive            |       |       |   138 |   545 ||   683
       Bite              |       |       |       |    14 ||    14
 Abil: Dig               |       |       |       |     3 ||     3
Evoke: Wand              |       |       |       |     1 ||     1
       Lamp of fire      |       |       |       |     1 ||     1
  Use: Potion            |       |     3 |     2 |     3 ||     8
  Eat: Chunk             |       |     9 |    13 |    22 ||    44
       Royal jelly       |       |       |     1 |       ||     1
Armor: Scale mail        |    45 |    87 |    78 |       ||   210
       Plate armour      |       |       |    33 |   231 ||   264
Dodge: Dodged            |    38 |    62 |   103 |   103 ||   306
Block: Shield            |    55 |    98 |   198 |   317 ||   668
